 Dungeon Crawl Stone Soup version 0.27-a0-1036-g8e1b44f6bd (webtiles) character file.

Game seed: 16985151961676041188

116 bisexualwizard the Chopper (level 4, -5/37 HPs)
             Began as a Minotaur Gladiator on Apr 18, 2021.
             Was a Believer of Fedhas.
             Slain by a gnoll
             ... wielding a +2 halberd of freezing
              (8 damage)
             ... on level 4 of the Dungeon.
             The game lasted 00:04:36 (2082 turns).

bisexualwizard the Chopper (Minotaur Gladiator)     Turns: 2082, Time: 00:04:37

Health: -5/37      AC:  5    Str: 19    XL:     4   Next: 70%
Magic:  3/3        EV: 12    Int:  5    God:    Fedhas [**....]
Gold:   210        SH:  0    Dex: 12    Spells: 3/3 levels left

rFire    . . .     SeeInvis .   a - +0 war axe
rCold    . . .     Faith    .   (no shield)
rNeg     . . .     Spirit   .   h - +0 ring mail
rPois    .         Reflect  .   c - +0 hat
rElec    .         Harm     .   (no cloak)
rCorr    .         Rampage  .   (no gloves)
Will     .....                  (no boots)
Stlth    +.........             (no amulet)
HPRegen  0.12/turn              (no ring)
MPRegen  0.08/turn              (no ring)

@: no status effects
A: horns 2, retaliatory headbutt
a: Renounce Religion, Wall of Briars


You were on level 4 of the Dungeon.
You worshipped Fedhas.
Fedhas was pleased with you.
You visited 1 branch of the dungeon, and saw 4 of its levels.

You collected 210 gold pieces.

Inventory:

Hand Weapons
 a - a +0 war axe (weapon)
Missiles
 d - 4 throwing nets (quivered)
Armour
 b - a +0 leather armour
 c - a +0 hat (worn)
 h - a +0 ring mail (worn)
Scrolls
 f - a scroll of teleportation {unknown}
 g - a scroll of amnesia {unknown}
 k - 2 scrolls of fear {unknown}
 o - a scroll of blinking {unknown}
Potions
 e - a potion of cancellation
 j - a potion of lignification {unknown}
 l - a potion of berserk rage
 m - a potion of invisibility {unknown}
 n - 2 potions of heal wounds {unknown}


   Skills:
 - Level 2.5 Fighting
 * Level 5.6 Axes
 + Level 2.4 Throwing
 + Level 1.3 Armour
 + Level 3.9 Dodging


You had 3 spell levels left.
You didn't know any spells.
Your spell library was empty.

Dungeon Overview and Level Annotations

Branches:
Dungeon (4/15)
 Temple: D:4-7

Altars:
Fedhas

Shops:
D:3 :

Annotations:
D:3 Grinder


Innate Abilities, Weirdness & Mutations

You have a pair of horns on your head.
You reflexively headbutt those who attack you in melee.


Message History

The kobold hits you with a +0 whip.
You barely miss the killer bee zombie. You headbutt the killer bee zombie.
The killer bee zombie is lightly damaged.
You slash the kobold!
You kill the kobold!
Fedhas appreciates your contribution to the ecosystem.
The killer bee zombie hits you! The killer bee zombie hits you.
You slash the killer bee zombie!
The killer bee zombie is heavily damaged.
The killer bee zombie hits you but does no damage.
The killer bee zombie hits you.
The killer bee zombie closely misses you.
The killer bee zombie hits you. The killer bee zombie hits you.
The killer bee zombie misses you.
The killer bee zombie closely misses you.
You furiously retaliate!
You headbutt the killer bee zombie!
The killer bee zombie closely misses you.
The killer bee zombie hits you.
* * * LOW HITPOINT WARNING * * *
The killer bee zombie hits you.
* * * LOW HITPOINT WARNING * * *
You feel better. The killer bee zombie misses you.
The killer bee zombie closely misses you.
The gnoll barely misses you. The killer bee zombie hits you.
Found a stone staircase leading up.
The killer bee zombie hits you.
* * * LOW HITPOINT WARNING * * *
A quokka comes into view.
The killer bee zombie hits you.
* * * LOW HITPOINT WARNING * * *
The killer bee zombie hits you!
* * * LOW HITPOINT WARNING * * *
There is a stone staircase leading up here.
The killer bee zombie closely misses you.
The killer bee zombie misses you.
The gnoll hits you from afar with a +2 halberd of freezing!
You die...
Fedhas appreciates your contribution to the ecosystem.

..................[..#
......#####......(...#
.....................#
##.##.#..#...g.......#
#..##.##.#.####..##...
..##.........###g# ##. .
.###....(....# #g####...
.....<.......###Z.......
.###............@.r...##
#>..##.......####....
...[#....##...## ...
..##......####..# .. #
.....<.# ##.# #
"..#..... #####....##
#....#


You could see 2 gnolls, a killer bee zombie and a quokka.

Vanquished Creatures
  Jessica (D:2)
  4 adders
  3 worms (D:2)
  A dart slug (D:1)
  3 endoplasms
  A giant cockroach (D:2)
  4 goblins
  2 hobgoblins (D:2)
  A jackal (D:2)
  4 kobolds
  5 quokkas
  6 ball pythons
  3 bats
  3 frilled lizards
  4 rats
45 creatures vanquished.

Notes
Turn   | Place    | Note
-------+----------+-------------------------------------------
     0 | D:1      | bisexualwizard the Minotaur Gladiator began the quest for
                  | the Orb.
     0 | D:1      | Reached XP level 1. HP: 18/18 MP: 0/0
   184 | D:1      | Found a faded altar of an unknown god.
   218 | D:1      | Reached XP level 2. HP: 25/25 MP: 1/1
   245 | D:1      | Became a worshipper of Fedhas Madash
   245 | D:1      | Reached * piety under Fedhas
   457 | D:1      | Reached skill level 4 in Axes
   868 | D:2      | Noticed Jessica
   880 | D:2      | Reached XP level 3. HP: 12/30 MP: 2/2
   880 | D:2      | Killed Jessica
   881 | D:2      | Reached skill level 5 in Axes
  1103 | D:2      | Reached XP level 4. HP: 37/37 MP: 3/3
  1254 | D:2      | Reached skill level 1 in Armour
  1495 | D:2      | Reached ** piety under Fedhas
  1828 | D:3      | Noticed Grinder
  1830 | D:3      | Paralysed by Grinder for 7 turns
  1900 | D:3      | Found Roehuih's Book Shoppe.
  2082 | D:4      | Slain by a gnoll

Illustrated notes

Levels and vault maps discovered:
D:1:      minmay_arrival_cross, layout_basic,
          shapermc_ecumenical_altar_totnotflames, minmay_stone_trees_small,
          minmay_tetromino_t2
D:2:      layout_loops_cross, grunt_ministairs_1,
          chequers_serial_rivers_micro_a, uniq_jessica
D:3:      layout_basic, lemuel_crystal_altar, serial_shops, shop,
          nicolae_shop_trees, uniq_grinder
D:4:      layout_rooms, minmay_temple_entry_mini_moons

Skill      XL: |  1  2  3  4 |
---------------+-------------+-----
Axes           | 4 5 |  5.6
Armour         | 1 |  1.3
Fighting       | |  2.5
Throwing       | |  2.4
Dodging        | |  3.9

Action                   |  1- 3 |  4- 6 || total
-------------------------+-------+-------++-------
Melee: War axe           |    49 |    40 ||    89
       Headbutt          |     7 |     8 ||    15
  Use: Scroll            |       |     3 ||     3
       Potion            |       |     1 ||     1
 Stab: Sleeping          |     1 |       ||     1
Armor: Ring mail         |    14 |    13 ||    27
       Leather armour    |     7 |       ||     7
Dodge: Dodged            |    31 |    36 ||    67

Table legend: (Time is in decaauts)
 A = Elapsed time spent in this place.
 B = Non-inter-level travel time spent in this place.
 C = Inter-level travel time spent in this place.
 D = Time resting spent in this place.
 E = Time spent auto-exploring this place.
 F = Levels seen in this place.
 G = Mean time per level.
                   A        B        C        D        E       F      G
               +--------+--------+--------+--------+--------+-----+--------+
         Total |   2107 |   1986 |    121 |    379 |   1267 |   4 |  526.8 |
       Dungeon |   2107 |   1986 |    121 |    379 |   1267 |   4 |  526.8 |
               +--------+--------+--------+--------+--------+-----+--------+

Top non-repeatable levels by time:
     D:2: 1154 daAuts
     D:1: 725 daAuts
     D:4: 128 daAuts
     D:3: 98 daAuts
